 Dungeon Sprint DCSS version 0.30-a0-304-gdc4b735fe1 (webtiles) character file.

Game seed: 11172639772948726381

20730 mhtbhm the Earth Mage (level 12, -12/66 HPs)
             Began as a Gargoyle Earth Elementalist on Oct 21, 2022.
             Was the Champion of Vehumet.
             Killed from afar by a purple draconian (23 damage)
             ... with a bolt of dispelling energy
             ... in the Dungeon (Sprint V: "Ziggurat Sprint").
             The game lasted 00:15:23 (1562 turns).

mhtbhm the Earth Mage (Gargoyle Earth Elementalist) Turns: 1562, Time: 00:15:24

Health: -12/66     AC: 14    Str: 13    XL:     12   Next: 82%
Magic:  20/29      EV:  9    Int: 32    God:    Vehumet [******]
Gold:   0          SH: 35    Dex: 10    Spells: 4/37 levels left

rFire   + . .      SeeInvis .    B - +8 lance "Wyrmbane" {slay drac, rPois rF+ rC+ AC+3}
rCold   + . .      Faith    .    C - +18 shield of the Gong {rElec rN+ Will+ EV-5}
rNeg    + + .      Spirit   .    a - +1 robe {rF+}
rPois   ∞          Reflect  +    (no helmet)
rElec   +          Harm     .    (no cloak)
rCorr   .          Rampage  .    (no gloves)
Will    +....      NoTele   +    (no boots)
Stlth   ++++......               E - amulet "Icvoud" {Reflect +Inv rElec rF- SH+5}
HPRegen 0.31/turn                t - +6 ring of intelligence
MPRegen 0.21/turn                u - +6 ring of intelligence

@: studying Axes
A: sickness immunity, AC +8, negative energy resistance 1, electricity
resistance, torment resistance 1, petrification resistance
a: Renounce Religion, Evoke Invisibility


You were in the Dungeon.
You worshipped Vehumet.
Vehumet was exalted by your worship.
You visited 1 branch

Inventory:

Hand Weapons
 w - the +12 glaive of Prune {vorpal}
   (You found it in the Dungeon)

   It inflicts extra damage upon your enemies.
   It halves damage taken while paralysed, petrified or unconscious.
 B - the +8 lance "Wyrmbane" (weapon) {slay drac, rPois rF+ rC+ AC+3}
   (You found it in the Dungeon)

   It inflicts extra damage against dragons and draconians.
   AC:        It affects your AC (+3).
   rF:        It protects you from fire.
   rC:        It protects you from cold.
   rPois:     It protects you from poison.
Armour
 a - a +1 robe of fire resistance (worn)
 C - the +18 shield of the Gong (worn) {rElec rN+ Will+ EV-5}
   (You found it in the Dungeon)

   It is deafeningly noisy when blocking attacks.
   EV:        It affects your evasion (-5).
   rElec:     It insulates you from electricity.
   rN:        It protects you from negative energy.
   Will:      It increases your willpower.
Jewellery
 q - the ring "Furro" {rF- rN++ rCorr Int+4 Dex+6}
   (You found it in the Dungeon)

   [ring of dexterity]

   Int:       It affects your intelligence (+4).
   Dex:       It affects your dexterity (+6).
   rF:        It makes you vulnerable to fire.
   rN:        It greatly protects you from negative energy.
   rCorr:     It protects you from acid and corrosion.
 r - the ring of Shadows {Umbra +Inv Stlth+}
   (You found it in the Dungeon)

   [ring of stealth]

   It surrounds you with an aura of shadow, increasing your stealth and reducing
   the accuracy of all others within it.
   +Inv:      It lets you turn invisible.
   Stlth:     It makes you more stealthy.
 s - a +4 ring of protection
 t - a +6 ring of intelligence (left hand)
 u - a +6 ring of intelligence (right hand)
 D - an amulet of magic regeneration
 E - the amulet "Icvoud" (around neck) {Reflect +Inv rElec rF- SH+5}
   (You found it in the Dungeon)

   [amulet of reflection]

   It reflects blocked missile attacks.
   rF:        It makes you vulnerable to fire.
   rElec:     It insulates you from electricity.
   +Inv:      It lets you turn invisible.
   SH:        It affects your SH (+5).
 G - the ring "Ucojoc" {Fly Will+ AC+4 SInv}
   (You found it in the Dungeon)

   [ring of protection]

   AC:        It affects your AC (+4).
   SInv:      It lets you see invisible.
   Fly:       It grants you flight.
   Will:      It increases your willpower.
 J - the macabre finger necklace {rN+}
   (You found it in the Dungeon)

   [amulet of nothing]

   It enables you to equip an extra ring.
   rN:        It protects you from negative energy.
Wands
 x - a wand of mindburst (6)
 z - a wand of light (2)
Scrolls
 g - 2 scrolls of blinking
 m - 4 scrolls of amnesia
 n - 5 scrolls of fog
 o - 5 scrolls of identify
Potions
 b - 8 potions of magic
 c - 10 potions of curing
 e - 6 potions of haste
 f - 3 potions of berserk rage
 h - 2 potions of brilliance
 i - 2 potions of invisibility
 j - 4 potions of resistance
 k - a potion of experience
 l - 5 potions of might
Miscellaneous
 p - a box of beasts
 y - a condenser vane
 A - a lightning rod (4/4)
 F - a phantom mirror


   Skills:
 + Level 3.8 Fighting
 + Level 4.8 Polearms
 + Level 9.9 Dodging
 + Level 10.2 Stealth
 + Level 14.1 Shields
 + Level 13.4 Spellcasting
 + Level 6.7 Conjurations
 + Level 1.7 Transmutations
 + Level 20.5 Earth Magic
 + Level 11.3 Evocations


You had 4 spell levels left.
You knew the following spells:

 Your Spells              Type           Power      Damage    Failure   Level
a - Sandblast             Erth           100%       2d20      0%          1
b - Magic Dart            Conj           100%       1d8       1%          1
c - Stone Arrow           Conj/Erth      100%       3d13      1%          3
d - Petrify               Tmut/Erth      75%        N/A       1%          4
e - Sticky Flame          Conj/Fire      43%        2d6       2%          4
f - Orb of Destruction    Conj           30%        9d10      45%         7
g - Lee's Rapid Deconstr  Erth           50%        3d24*     0%          5
h - Lehudib's Crystal Sp  Conj/Erth      41%        10d10     24%         8

Your spell library contained the following spells:

 Spells                   Type           Power      Damage    Failure   Level
 Spellforged Servitor     Conj/Summ      21%        N/A       87%         7
 Passwall                 Tmut/Erth      62%        N/A       1%          2
 Static Discharge         Conj/Air       86%        2-6/arc   1%          2
 Dazzling Flash           Conj/Hex       86%        N/A       1%          3
 Hailstorm                Conj/Ice       43%        3d10      1%          3
 Mephitic Cloud           Conj/Pois/Air  36%        N/A       1%          3
 Animate Armour           Summ/Erth      100%       N/A       1%          4
 Ignite Poison            Fire/Tmut/Pois 25%        N/A       2%          3
 Fulminant Prism          Conj/Hex       21%        3d13      2%          4
 Iskenderun's Mystic Bla  Conj/Tloc      43%        2d10      2%          4
 Kindle Blastsparks       Fire/Tloc/Air  42%        2d13      3%          3
 Olgreb's Toxic Radiance  Pois           21%        N/A       11%         4
 Portal Projectile        Hex/Tloc       42%        N/A       12%         3
 Tukima's Dance           Hex            21%        N/A       12%         3
 Vhi's Electric Charge    Tloc/Air       42%        N/A       12%         3
 Ice Form                 Ice/Tmut       27%        N/A       28%         4
 Arcjolt                  Conj/Air       21%        1d31      7%          5
 Lightning Bolt           Conj/Air       21%        1d36      7%          5
 Freezing Cloud           Conj/Ice/Air   18%        6-21      12%         5
 Yara's Violent Unravell  Hex/Tmut       13%        3d7       21%         5
 Starburst                Conj/Fire      21%        6d7       36%         6
 Blade Hands              Tmut           16%        N/A       50%         5
 Simulacrum               Ice/Necr       10%        N/A       99%         6
 Enfeeble                 Hex            10%        N/A       100%        7
 Cigotuvi's Dreadful Rot  Necr/Pois/Air  Unusable   N/A       N/A         2

Dungeon Overview and Level Annotations

Branches:
Dungeon (1/1)

Altars:
Ashenzari
Cheibriados
Dithmenos
Elyvilon
Fedhas
Gozag
Hepliaklqana
Kikubaaqudgha
Makhleb
Nemelex Xobeh
Okawaru
Qazlal
Ru
Sif Muna
Trog
Uskayaw
Vehumet
Wu Jian
Xom
Yredelemnul
Zin
The Shining One
Jiyva
Lugonu

Annotations:
D 1 transporter


Innate Abilities, Weirdness & Mutations

You are immune to sickness and miasma.
Your stone body is resilient. (AC +8)
You are immune to poison.
You resist negative energy. (rN+)
You are resistant to electric shocks. (rElec)
You are resistant to unholy torment.
You are immune to petrification.


Message History

Press: ? - help, Dir - move target An unnaturally hard rock wall.
The wall shatters!
The blast of rock fragments hits the black draconian!
You kill the black draconian!
Vehumet accepts your kill.
You feel your power returning.
The blast of rock fragments hits the red draconian!!
You kill the red draconian!
Vehumet accepts your kill.
You feel your power returning.
The blast of rock fragments hits the green draconian!!
The green draconian is heavily wounded.
The blast of rock fragments hits the green draconian!
The green draconian is almost dead.
The green draconian hits you but does no damage.
You block the green draconian's attack.
PTOANNNG!
You block the green draconian's attack.
BOUMMMMG!
You block the green draconian's attack.
SHROANNG!
The black draconian is engulfed in blazing flames.
The black draconian hits you with a +0 flail.
* * * LOW HITPOINT WARNING * * *
The purple draconian is engulfed in poison gas.
The purple draconian looks as sick as possible!
Your condenser vane has recharged.
Your Shields skill increases to level 14!
Unknown command.
Blink to where?
Press: ? - help, Dir - move target
Found a transporter.
As you read the scroll of blinking, it crumbles to dust.
The black draconian breathes lightning at you.
The bolt of lightning hits you. You resist.
* * * LOW HITPOINT WARNING * * *
The purple draconian breathes dispelling energy at you.
The bolt of dispelling energy hits you!!
You die...

▓..†......▓...
▓.........▓...
▓.........▓...
▓.........▓...
▓▓▓▓▓▓▓▓▓▓▓.▓.....▓.▓.▓.
...8©8....▓....©....▓.†.
▓..)}:))||..▓▓▓▓▓▓▓▓▓▓▓▓▓▓
▓...=)|:[...▓...8©8...▓..8
▓...§§§§§@..▓..).|.}..▓...
▓..d..§§§...▓...))....▓..}
▓...d.......▓.....(...▓...
▓...........▓...).....▓...
▓...dd......▓....)....▓.†.
▓.d▓)d...▓..▓...)))...▓...
▓..ddd......▓.▓).†..▓.▓...
▓.d...©.....▓....©....▓...
▓▓▓▓▓▓▓▓▓▓▓▓▓▓▓▓▓▓▓▓▓▓▓▓▓▓


You could see 2 draconians, 3 draconians, 3 draconians, a red draconian (very
poisoned) and a white draconian (very poisoned).

Vanquished Creatures
  4 fire giants (D)
  2 balrugs (D)
  A red draconian (D)
  A black draconian (D)
  A salamander tyrant (D)
  A dancing weapon (D)
  3 hell hogs (D)
  A harpy (shapeshifter) (D)
  A shining eye (D)
  2 deep elf pyromancers (D)
  A wolf spider (D)
  A deep elf zephyrmancer (D)
  3 draconians (D)
  A cyclops (D)
  An ugly thing (D)
  An elephant (D)
  A torpor snail (D)
  2 cane toads (D)
  A rime drake (D)
  An unseen horror (shapeshifter) (D)
  A komodo dragon (D)
  A meliai (shapeshifter) (D)
  A wind drake (D)
  5 merfolk (D)
  A dream sheep (D)
  A tarantella (D)
  2 jumping spiders (D)
  3 spriggans (D)
  3 yaks (D)
  2 redbacks (D)
  A water moccasin (D)
  5 black bears (D)
  A wolf (D)
  A centaur (D)
  3 phantoms (D)
  A bullfrog (D)
  A scorpion (shapeshifter) (D)
  4 necrophages (D)
  5 scorpions (D)
  An adder (D)
  An adder skeleton (D)
  A bat skeleton (D)
  A ball python zombie (D)
  A quokka zombie (D)
77 creatures vanquished.

Notes
Turn   | Place    | Note
-------+----------+-------------------------------------------
     0 | D        | mhtbhm the Gargoyle Earth Elementalist began the quest for
                  | the Orb.
     0 | D        | Reached XP level 1. HP: 10/10 MP: 3/3
     0 | D        | Found a blossoming altar of Fedhas.
     0 | D        | Found the +6 Majin-Bo {vamp, MP+6 Int+6}
     0 | D        | Found the +9 heavy crossbow "Sniper" {vorpal, Acc+∞ SInv}
     0 | D        | Found the +10 dark maul {vorpal}
     0 | D        | Found the +15 Maxwell's patent armour {-Cast -Tele rElec
                  | Will+ rCorr}
     0 | D        | Found the +18 shield of the Gong {rElec rN+ Will+ EV-5}
     0 | D        | Found the +14 obsidian axe {vorpal, Mesm Drain Fly SInv}
     0 | D        | Found the +7 great mace "Firestarter" {inner flame, rF++}
     0 | D        | Found the +6 shillelagh "Devastator" {shatter}
     0 | D        | Found the +11 plutonium sword {Contam Stlth-}
     0 | D        | Found the +8 lance "Wyrmbane" {slay drac, rPois rF+ rC+
                  | AC+3}
     0 | D        | Found the +9 sword of Zonguldrok {reap}
     0 | D        | Found the +13 scythe of Curses {drain, Drain}
     0 | D        | Found the +5 sword of Power {vorpal}
     0 | D        | Found the +7 mace of Variability {chain chaos}
     0 | D        | Found the +7 Singing Sword {vorpal, sonic wave}
     0 | D        | Found the +8 storm bow {elec, penet}
     1 | D        | Found a shimmering blue altar of Sif Muna.
     1 | D        | Found a sacrificial altar of Ru.
     1 | D        | Found a bloodstained altar of Trog.
     1 | D        | Found a stormy altar of Qazlal.
     1 | D        | Found an iron altar of Okawaru.
     1 | D        | Found a sparkling altar of Nemelex Xobeh.
     3 | D        | Found a transporter.
     3 | D        | Found an ancient bone altar of Kikubaaqudgha.
     3 | D        | Found a viscous altar of Jiyva.
     3 | D        | Found a corrupted altar of Lugonu.
     3 | D        | Found a hazy altar of Hepliaklqana.
     3 | D        | Found a burning altar of Makhleb.
     3 | D        | Found an opulent altar of Gozag.
    43 | D        | Became a worshipper of Vehumet
    72 | D        | Entered arena 2.
    72 | D        | Noticed a water moccasin
    72 | D        | Found a transporter.
    76 | D        | Killed a water moccasin
    77 | D        | Reached skill level 1 in Shields
    77 | D        | Reached skill level 1 in Transmutations
    77 | D        | Reached skill level 8 in Earth Magic
    77 | D        | Reached skill level 1 in Evocations
    77 | D        | Reached XP level 2. HP: 10/15 MP: 2/7
    77 | D        | Reached XP level 3. HP: 13/19 MP: 2/8
    77 | D        | Reached XP level 4. HP: 17/24 MP: 2/10
    79 | D        | Reached skill level 9 in Earth Magic
    79 | D        | Reached XP level 5. HP: 20/28 MP: 0/11
   116 | D        | Got the amulet "Icvoud" {Reflect +Inv rElec rF- SH+5}
   167 | D        | Entered arena 3.
   167 | D        | Noticed a draconian
   167 | D        | Noticed a draconian
   167 | D        | Noticed a draconian
   167 | D        | Found a transporter.
   180 | D        | Killed a draconian
   180 | D        | Reached * piety under Vehumet
   180 | D        | Offered knowledge of Magic Dart by Vehumet.
   181 | D        | Reached skill level 5 in Stealth
   181 | D        | Reached skill level 12 in Earth Magic
   181 | D        | Reached XP level 6. HP: 32/32 MP: 12/15
   181 | D        | Reached XP level 7. HP: 36/36 MP: 12/16
   184 | D        | Killed a draconian
   185 | D        | Reached skill level 5 in Dodging
   185 | D        | Reached skill level 14 in Earth Magic
   185 | D        | Reached XP level 8. HP: 41/41 MP: 12/18
   185 | D        | Killed a draconian
   186 | D        | Reached skill level 5 in Evocations
   191 | D        | Learned a level 1 spell: Magic Dart
   195 | D        | Learned a level 3 spell: Stone Arrow
   200 | D        | Learned a level 4 spell: Petrify
   226 | D        | Entered arena 4.
   226 | D        | Found a transporter.
   228 | D        | Offered knowledge of Momentum Strike by Vehumet.
   228 | D        | Reached ** piety under Vehumet
   229 | D        | Reached skill level 15 in Earth Magic
   350 | D        | Entered arena 5.
   350 | D        | Noticed a deep elf pyromancer
   350 | D        | Noticed a deep elf pyromancer
   350 | D        | Noticed a +0 short sword of flaming
   350 | D        | Noticed a deep elf zephyrmancer
   350 | D        | Found a transporter.
   357 | D        | Killed a deep elf zephyrmancer
   357 | D        | Reached *** piety under Vehumet
   357 | D        | Killed a deep elf pyromancer
   358 | D        | Reached skill level 5 in Shields
   358 | D        | Reached skill level 1 in Conjurations
   358 | D        | Reached skill level 16 in Earth Magic
   358 | D        | Reached XP level 9. HP: 35/45 MP: 20/22
   360 | D        | Killed a deep elf pyromancer
   365 | D        | Killed a +0 short sword of flaming
   365 | D        | Reached **** piety under Vehumet
   366 | D        | Reached skill level 17 in Earth Magic
   366 | D        | Reached XP level 10. HP: 30/50 MP: 11/23
   466 | D        | Entered arena 6.
   466 | D        | Found a transporter.
   468 | D        | Offered knowledge of Ignite Poison by Vehumet.
   468 | D        | Reached ***** piety under Vehumet
   577 | D        | Got the ring "Furro" {rF- rN++ rCorr Int+4 Dex+6}
   585 | D        | Entered arena 7.
   585 | D        | Found the ring of Shadows {Umbra +Inv Stlth+}
   585 | D        | Noticed a shining eye
   585 | D        | Noticed a purple ugly thing
   585 | D        | Noticed a harpy
   590 | D        | Reached skill level 10 in Spellcasting
   593 | D        | Killed a harpy
   597 | D        | Killed a shining eye
   600 | D        | Killed a purple ugly thing
   601 | D        | Reached skill level 18 in Earth Magic
   604 | D        | Killed an unseen horror
   684 | D        | Found a transporter.
   711 | D        | Entered arena 8.
   711 | D        | Found the +12 glaive of Prune {vorpal}
   711 | D        | Noticed a wolf spider
   715 | D        | Killed a wolf spider
   715 | D        | Offered knowledge of Fulminant Prism by Vehumet.
   715 | D        | Reached ****** piety under Vehumet
   716 | D        | Reached skill level 1 in Fighting
   718 | D        | Reached XP level 11. HP: 52/56 MP: 25/25
   718 | D        | Found a transporter.
   853 | D        | Entered arena 9.
   854 | D        | Found a transporter.
   862 | D        | Offered knowledge of Sticky Flame by Vehumet.
   980 | D        | Learned a level 4 spell: Sticky Flame
   981 | D        | Entered arena 10.
   981 | D        | Noticed a cyclops
   983 | D        | Offered knowledge of Orb of Destruction by Vehumet.
   985 | D        | Killed a cyclops
   992 | D        | Reached skill level 5 in Conjurations
  1003 | D        | Found a transporter.
  1008 | D        | Reached skill level 19 in Earth Magic
  1017 | D        | Got the ring "Ucojoc" {Fly Will+ AC+4 SInv}
  1020 | D        | Got the ring "Jural" {Ice rElec MP+9 Int-5 Slay+5}
  1143 | D        | Learned a level 7 spell: Orb of Destruction
  1149 | D        | Entered arena 11.
  1149 | D        | Found the macabre finger necklace {rN+}
  1151 | D        | Offered knowledge of Eringya's Noxious Bog by Vehumet.
  1152 | D        | Reached skill level 1 in Polearms
  1153 | D        | Reached skill level 10 in Shields
  1183 | D        | Found a transporter.
  1199 | D        | Got the Parchment of Imprecation
  1201 | D        | Got the ring "Peul" {rPois rC+ Will- SInv}
  1229 | D        | Acquired a book of Blasting
  1240 | D        | Learned a level 5 spell: Lee's Rapid Deconstruction
  1249 | D        | Learned a level 8 spell: Lehudib's Crystal Spear
  1251 | D        | Entered arena 12.
  1251 | D        | Noticed a balrug
  1251 | D        | Noticed a fire giant
  1251 | D        | Noticed a balrug
  1251 | D        | Noticed a fire giant
  1251 | D        | Noticed a fire giant
  1251 | D        | Noticed a salamander tyrant
  1251 | D        | Noticed a hell hog
  1252 | D        | Noticed a fire giant
  1253 | D        | Noticed a hell hog
  1256 | D        | Noticed a hell hog
  1257 | D        | Killed a hell hog
  1257 | D        | Killed a hell hog
  1257 | D        | Killed a fire giant
  1257 | D        | Killed a fire giant
  1258 | D        | Reached skill level 10 in Evocations
  1259 | D        | Killed a fire giant
  1260 | D        | Reached XP level 12. HP: 37/64 MP: 28/28
  1261 | D        | Killed a hell hog
  1261 | D        | Killed a fire giant
  1263 | D        | Killed a balrug
  1265 | D        | Killed a balrug
  1273 | D        | Killed a salamander tyrant
  1274 | D        | Reached skill level 20 in Earth Magic
  1323 | D        | Found a transporter.
  1332 | D        | Got the Papyrus of Tainted Transformation
  1399 | D        | Entered arena 13.
  1400 | D        | Found the +4 skin of Zhor {*Englaciate rC+++ SInv}
  1401 | D        | Found a transporter.
  1403 | D        | Offered knowledge of Spellforged Servitor by Vehumet.
  1407 | D        | Reached skill level 10 in Stealth
  1549 | D        | Entered arena 14.
  1550 | D        | Noticed a purple draconian
  1550 | D        | Noticed a purple draconian
  1550 | D        | Noticed a black draconian
  1550 | D        | Noticed a green draconian
  1550 | D        | Noticed a red draconian
  1551 | D        | Noticed a purple draconian
  1551 | D        | Noticed a green draconian
  1551 | D        | Noticed a red draconian
  1551 | D        | Noticed a green draconian
  1551 | D        | Noticed a black draconian
  1551 | D        | Noticed a black draconian
  1551 | D        | Noticed a white draconian
  1561 | D        | Killed a black draconian
  1561 | D        | Killed a red draconian
  1562 | D        | Found a transporter.
  1562 | D        | Killed from afar by a purple draconian

Illustrated notes

Levels and vault maps discovered:
D:        sprint_v [room_start, room_1, room_2, room_3, room_4, room_5, room_6,
          room_7, room_8, room_9, room_10, room_11, room_12, room_13, room_14,
          room_15, room_16, room_17, room_18, room_19, room_20, room_21,
          room_22, room_23, room_24, room_25, room_26, room_27]

Skill      XL: |  1  2  3  4  5  6  7  8  9 10 11 12 |
---------------+-------------------------------------+-----
Dodging        | 2 3 4 5 6 7 9 |  9.9
Stealth        | 3 5 6 7 8 10 | 10.2
Shields        | 1 3 5 6 8 11 14 | 14.1
Spellcasting   | 4 6 7 9 10 12 13 | 13.4
Transmutations | 1 |  1.7
Earth Magic    | 8 9 12 14 16 17 18 19 20 | 20.5
Evocations     | 1 3 4 6 7 9 10 11 | 11.3
Conjurations   | 1 4 6 |  6.7
Fighting       | 1 2 3 |  3.8
Polearms       | 3 4 |  4.8

Action                   |  1- 3 |  4- 6 |  7- 9 | 10-12 || total
-------------------------+-------+-------+-------+-------++-------
Melee: Lance             |       |       |     1 |    15 ||    16
 Cast: Sandblast         |     1 |     2 |     5 |    10 ||    18
       Stone Arrow       |       |       |    10 |    34 ||    44
       Lee's Rapid Decon |       |       |       |     8 ||     8
 Abil: Evoke Invisibilit |       |       |       |     1 ||     1
Evoke: Lightning rod     |     2 |     4 |     3 |    10 ||    19
       Wand              |     1 |     6 |     4 |     2 ||    13
       Condenser vane    |       |       |     1 |    10 ||    11
       Phantom mirror    |       |       |       |     1 ||     1
  Use: Scroll            |       |     1 |     1 |     5 ||     7
       Potion            |       |       |     2 |     8 ||    10
 Stab: Invisible         |       |       |       |     3 ||     3
Armor: Robe              |       |       |     4 |    12 ||    16
Dodge: Dodged            |       |     1 |     3 |     7 ||    11
Block: Kite shield       |     7 |     3 |    27 |    97 ||   134
       Reflection        |       |       |       |     2 ||     2

Table legend: (Time is in decaauts)
 A = Elapsed time spent in this place.
 B = Non-inter-level travel time spent in this place.
 C = Inter-level travel time spent in this place.
 D = Time resting spent in this place.
 E = Time spent auto-exploring this place.
 F = Levels seen in this place.
 G = Mean time per level.
                   A        B        C        D        E       F      G
               +--------+--------+--------+--------+--------+-----+--------+
         Total |   1576 |   1576 |      0 |    979 |      0 |   1 | 1576.0 |
       Dungeon |   1576 |   1576 |      0 |    979 |      0 |   1 | 1576.0 |
               +--------+--------+--------+--------+--------+-----+--------+

Top non-repeatable levels by time:
       D: 1576 daAuts
